 Dungeon Crawl Stone Soup version 0.29-a0-222-g5b244fca1f (webtiles) character file.

Game seed: 10451989376768775406

94 dracfodder the Skirmisher (level 4, -4/43 HPs)
             Began as a Gargoyle Berserker on Feb 27, 2022.
             Was a Believer of Trog.
             Slain by Grinder (6 damage)
             ... on level 3 of the Dungeon.
             The game lasted 00:05:50 (2225 turns).

dracfodder the Skirmisher (Gargoyle Berserker)      Turns: 2225, Time: 00:05:50

Health: -4/43      AC: 12    Str: 23    XL:     4   Next: 63%
Magic:  4/4        EV:  8    Int:  7    God:    Trog [**....]
Gold:   112        SH:  0    Dex:  9    Spells: 3/3 levels left

rFire   . . .      SeeInvis .   a - +0 spear
rCold   . . .      Faith    .   (no shield)
rNeg    + . .      Spirit   .   b - +0 chain mail
rPois   ∞          Reflect  .   (no helmet)
rElec   +          Harm     .   (no cloak)
rCorr   .          Rampage  .   (no gloves)
Will    .....                   (no boots)
Stlth   ..........              (no amulet)
HPRegen 0.14/turn               (no ring)
MPRegen 0.09/turn               (no ring)

@: berserking, very quick
A: sickness immunity, AC +3, negative energy resistance 1, electricity
resistance, torment resistance 1, petrification resistance
a: Renounce Religion, Berserk, Trog's Hand


You were on level 3 of the Dungeon.
You worshipped Trog.
Trog was pleased with you.
You visited 1 branch of the dungeon, and saw 3 of its levels.

You collected 112 gold pieces.

Inventory:

Hand Weapons
 a - a +0 spear (weapon)
Missiles
 d - 78 stones (quivered)
Armour
 b - a +0 chain mail (worn)
Jewellery
 k - a +4 ring of evasion
Scrolls
 e - a scroll of teleportation
Potions
 c - 2 potions of lignification
 f - a potion of ambrosia
 h - a potion of curing {unknown}
 i - a potion of flight {unknown}
 j - a potion of resistance


   Skills:
 * Level 4.2 Fighting
 + Level 3.7 Polearms
 + Level 2.8 Armour
 + Level 1.9 Dodging


You had 3 spell levels left.
You didn't know any spells.
Your spell library was empty.

Dungeon Overview and Level Annotations

Branches:
Dungeon (3/15)

Altars:

Annotations:
D:3 Grinder


Innate Abilities, Weirdness & Mutations

You are immune to sickness and miasma.
Your stone body is resilient. (AC +3)
You are immune to poison.
You resist negative energy. (rN+)
You are resistant to electric shocks. (rElec)
You are resistant to unholy torment.
You are immune to petrification.


Message History

Grinder is moderately wounded.
Grinder gestures at you.
You are unaffected.
You hit Grinder.
Grinder is moderately wounded.
Grinder hits you but does no damage.
You closely miss Grinder.
Grinder is moderately wounded.
Grinder gestures at you.
You suddenly lose the ability to move!
Grinder gestures at you.
You shrug off the repeated paralysis!
Grinder hits you but does no damage. Grinder hits you.
You writhe in agony.
* * * LOW HITPOINT WARNING * * *
Grinder hits you.
* * * LOW HITPOINT WARNING * * *
You writhe in agony.
* * * LOW HITPOINT WARNING * * *
You can move again.
A red film seems to cover your vision as you go berserk!
You feel yourself moving faster!
You feel mighty! Grinder hits you but does no damage.
You barely miss Grinder.
Grinder is moderately wounded.
Grinder hits you.
* * * LOW HITPOINT WARNING * * *
You writhe in agony.
* * * LOW HITPOINT WARNING * * *
You puncture Grinder!
Grinder is moderately wounded.
You puncture Grinder!
Grinder is heavily wounded.
Grinder gestures at you. Pain shoots through your body!
* * * LOW HITPOINT WARNING * * *
You closely miss Grinder.
Grinder is heavily wounded.
Grinder hits you.
You die...

#.........##.#.######..
#.........##.#.........
#...##.#####........#..
#...##.##....#.#.......
#...##.......#.........
.##.....###....#.#.##....
#.........................
#.####....#####.#.#.#.....
# #...#+#@# #......<......
#.#. #5# #####.#.#.#... #
#. #.#.. #.......... #.
#......#....#.#...
###......<........
######..###.#..# ....# ...
....... .. # .........


You could see Grinder.

Vanquished Creatures
  2 adders (D:2)
  2 worms (D:2)
  8 ball pythons
  6 bats
  8 endoplasms
  4 giant cockroaches
  5 goblins
  7 hobgoblins
  6 jackals
  3 kobolds (D:2)
  2 quokkas
  3 frilled lizards
  4 rats
60 creatures vanquished.

Notes
Turn   | Place    | Note
-------+----------+-------------------------------------------
     0 | D:1      | dracfodder the Gargoyle Berserker began the quest for the
                  | Orb.
     0 | D:1      | Reached XP level 1. HP: 14/14 MP: 1/1
   189 | D:1      | Reached XP level 2. HP: 18/19 MP: 2/2
   495 | D:1      | Reached XP level 3. HP: 23/24 MP: 3/3
   730 | D:1      | Reached ** piety under Trog
  1411 | D:2      | Reached skill level 4 in Fighting
  1411 | D:2      | Reached XP level 4. HP: 29/29 MP: 4/4
  2203 | D:3      | Noticed Grinder
  2216 | D:3      | Paralysed by Grinder for 4 turns
  2224 | D:3      | HP: 2/43 [Grinder/nerve-wracking pain (3)]
  2225 | D:3      | Slain by Grinder

Illustrated notes

Levels and vault maps discovered:
D:1:      eino_arrival_druids_welcome, layout_basic, minmay_stone_trees_small,
          roderic_serpentine_path
D:2:      layout_basic, minmay_indecisive_spiral
D:3:      minmay_chambers_of_threes, layout_basic, uniq_natasha, uniq_sigmund,
          uniq_grinder

Skill      XL: |  1  2  3 |
---------------+----------+-----
Polearms       | 3 |  3.7
Fighting       | 4 |  4.2
Armour         | |  2.8
Dodging        | |  1.9

Action                   |  1- 3 |  4- 6 || total
-------------------------+-------+-------++-------
Melee: Spear             |   152 |   105 ||   257
       Punch             |     1 |       ||     1
Invok: Berserk           |       |     1 ||     1
  Use: Scroll            |     4 |     2 ||     6
       Potion            |       |     1 ||     1
Armor: Chain mail        |    58 |    52 ||   110
Dodge: Dodged            |    40 |    30 ||    70

Table legend: (Time is in decaauts)
 A = Elapsed time spent in this place.
 B = Non-inter-level travel time spent in this place.
 C = Inter-level travel time spent in this place.
 D = Time resting spent in this place.
 E = Time spent auto-exploring this place.
 F = Levels seen in this place.
 G = Mean time per level.
                   A        B        C        D        E       F      G
               +--------+--------+--------+--------+--------+-----+--------+
         Total |   2212 |   2182 |     30 |      0 |   1659 |   3 |  737.3 |
       Dungeon |   2212 |   2182 |     30 |      0 |   1659 |   3 |  737.3 |
               +--------+--------+--------+--------+--------+-----+--------+

Top non-repeatable levels by time:
     D:1: 1135 daAuts
     D:2: 1008 daAuts
     D:3: 68 daAuts
